 Dungeon Crawl Stone Soup version 0.24.1-8-ga250c9d538 (webtiles) character file.

Game seed: 12165439351863076176, levelgen mode: deterministic

359 Hugehornet the Chopper (level 6, -3/50 HPs)
             Began as a Demigod Fighter on Apr 30, 2020.
             Slain by Callino's ghost (4 damage)
             ... on level 4 of the Dungeon.
             The game lasted 00:08:05 (3424 turns).

Hugehornet the Chopper (Demigod Fighter)            Turns: 3424, Time: 00:08:06

Health: -3/50      AC: 10    Str: 20 (23) XL:     6   Next: 14%
Magic:  8/8        EV: 12    Int:  9 (12) God:
Gold:   134        SH:  9    Dex: 18 (20) Spells: 5/5 levels left

rFire    . . .     SeeInvis .   a - +0 war axe
rCold    . . .     Gourm    .   c - +0 shield
rNeg     . . .     Faith    .   b - +0 scale mail
rPois    .         Spirit   .   d - +0 helmet
rElec    .         Reflect  .   (no cloak)
rCorr    .         Harm     .   r - +0 pair of gloves
MR       .....                  n - +0 pair of boots (curse)
Stlth    +.........             (no amulet)
HPRegen  0.16/turn              (no ring)
MPRegen  0.11/turn              (no ring)

@: agile, berserk cooldown, slowed, very slow
A: high mp 1
a: no special abilities


You were on level 4 of the Dungeon.
You were not hungry.

You visited 1 branch of the dungeon, and saw 4 of its levels.

You collected 134 gold pieces.

Inventory:

Hand Weapons
 a - a +0 war axe (weapon)
Armour
 b - a +0 scale mail (worn)
 c - a +0 shield (worn)
 d - a +0 helmet (worn)
 n - a cursed +0 pair of boots (worn)
 r - a +0 pair of gloves (worn)
Jewellery
 q - an uncursed ring of ice
Wands
 p - a wand of iceblast (6)
Scrolls
 e - a scroll of fog {unknown}
 g - a scroll of teleportation {unknown}
 h - 3 scrolls of fear {unknown}
Potions
 m - a potion of flight {unknown}
 o - a potion of brilliance {unknown}
 t - a potion of haste {unknown}
Comestibles
 f - 4 rations
 s - a chunk of flesh


   Skills:
 - Level 2.6 Fighting
 + Level 6.2 Axes
 - Level 2.6 Armour
 - Level 2.6 Shields


You had 5 spell levels left.
You didn't know any spells.
Your spell library was empty.

Dungeon Overview and Level Annotations

Branches:
Dungeon (4/15)
 Temple: D:4-7

Annotations:
D:4 Callino's ghost, amateur CeHu; HASTUR3's ghost, amateur GnWz; viperstalker's ghost, novice CeFi; vs12's ghost, amateur MiGl


Innate Abilities, Weirdness & Mutations

You have an increased reservoir of magic. (+10% MP)


Message History

* * * LOW HITPOINT WARNING * * *
You closely miss viperstalker's ghost.
Viperstalker's ghost is almost destroyed.
You closely miss HASTUR3's ghost. You completely miss Callino's ghost.
HASTUR3's ghost hits you.
* * * LOW HITPOINT WARNING * * *
Viperstalker's ghost misses you.
Callino's ghost hits you but does no damage.
HASTUR3's ghost gestures wildly while chanting.
HASTUR3's ghost blinks!
Viperstalker's ghost hits you but does no damage.
Callino's ghost hits you.
* * * LOW HITPOINT WARNING * * *
You barely miss viperstalker's ghost.
Viperstalker's ghost is almost destroyed.
You hit Callino's ghost but do no damage.
Viperstalker's ghost hits you.
* * * LOW HITPOINT WARNING * * *
Callino's ghost hits you.
You die...

####..#.#.###..#####≈≈≈.##
##.#.#................#
#...###############..#
#############..# ###$8?.###....#
...............# #.#?...8##....#
#######.####...####.#......######
........###.........'.....P#.....
#######....>...###..'.....⌠######
....###.........@WW.'.....P
###............W###.#.....(
..#####.........###.#....8#
#.......#.#......####?8.[##
#.....###.#....#.#########
......# #.#.#.##..##..#
......###.#.#.###.##..#
..........# #.........#
#.[...#####.######....#


You could see Callino's ghost, viperstalker's ghost and vs12's ghost.

Vanquished Creatures
  An orc priest (D:3)
  A bullfrog skeleton (D:4)
  3 orc wizards (D:3)
  2 worker ants
  A gnoll (D:1)
  4 adders
  A shadow imp (D:4)
  3 worms (D:3)
  4 dart slugs
  4 leopard geckos
  5 orcs (D:3)
  3 ball pythons
  4 giant cockroaches
  12 goblins
  10 hobgoblins
  4 jackals (D:1)
  A quokka (D:2)
  8 bats
  17 frilled lizards
  9 kobolds
  10 rats
  9 plants (D:3)
116 creatures vanquished.

Notes
Turn   | Place    | Note
-------+----------+-------------------------------------------
     0 | D:1      | Hugehornet the Demigod Fighter began the quest for the Orb.
     0 | D:1      | Reached XP level 1. HP: 18/18 MP: 3/3
    37 | D:1      | Reached skill level 2 in Axes
   178 | D:1      | Reached XP level 2. HP: 22/25 MP: 4/4
   291 | D:1      | Reached skill level 3 in Axes
   522 | D:1      | Reached XP level 3. HP: 24/30 MP: 5/5
   931 | D:2      | Found a burning altar of Makhleb.
  1105 | D:2      | Found an iron altar of Okawaru.
  1153 | D:2      | Reached skill level 4 in Axes
  1347 | D:2      | Reached XP level 4. HP: 33/37 MP: 6/6
  1847 | D:3      | Reached skill level 5 in Axes
  1847 | D:3      | Reached XP level 5. HP: 15/42 MP: 7/7
  3244 | D:4      | Reached skill level 6 in Axes
  3244 | D:4      | Reached XP level 6. HP: 43/50 MP: 8/8
  3393 | D:4      | Found a runed translucent gate.
  3393 | D:4      | Found a runed translucent gate.
  3393 | D:4      | Found a runed translucent gate.
  3393 | D:4      | Noticed Callino's ghost (amateur CeHu)
  3393 | D:4      | Noticed viperstalker's ghost (novice CeFi)
  3394 | D:4      | Noticed HASTUR3's ghost (amateur GnWz)
  3394 | D:4      | Noticed vs12's ghost (amateur MiGl)
  3424 | D:4      | HP: 1/50 [viperstalker's ghost (3)]
  3424 | D:4      | Slain by Callino's ghost

Levels and vault maps discovered:
D:1:      co_arrival_square_in_a_square_in_a_square, layout_basic,
          hangedman_decor_clover_reticule, minmay_domino_2
D:2:      layout_basic, lemuel_round_altar, corexii_corridor_pit, bloody_makhleb
D:3:      layout_loops_ring, first_ration, minmay_lizard_king
D:4:      layout_basic, marbit_many_paths, minmay_temple_entry_stoned_glass,
          gammafunk_ghost_cemetery, chequers_serial_rivers_micro_d,
          small_statue_intersection

Skill      XL: |  1  2  3  4  5 |
---------------+----------------+-----
Axes           | 2 3 4 5 6 |  6.2
Fighting       | |  2.6
Armour         | |  2.6
Shields        | |  2.6

Action                   |  1- 3 |  4- 6 || total
-------------------------+-------+-------++-------
Melee: War axe           |   123 |   269 ||   392
  Use: Potion            |       |     6 ||     6
  Eat: Chunk             |     1 |     8 ||     9
Armor: Scale mail        |    73 |   106 ||   179
Dodge: Dodged            |    47 |    72 ||   119
Block: Shield            |    74 |   121 ||   195
